Map: Jagannatha LE

Players

Nina

  • Race: Protoss Protoss

Antis - Winner!

  • Race: Zerg Zerg

VOD

Have the link to the VOD?

Description

Time

  • Played on: Oct. 6, 2021, 5:01 p.m.
  • Length: 11:15
Show
View Real Time Build Order
Export as new Build Order

Nina Protoss 

Build Orders: 1 Gate Expand, Oracle Opening 

Get SALT Encoding   

  12  0:00  Probe  
  13  0:12  Probe  
  14  0:18  Pylon  
  14  0:24  Probe  
  15  0:36  Probe (Chrono Boost)  
  15  0:39  Gateway  
  16  0:45  Probe (Chrono Boost)  
  17  0:50  Assimilator  
  17  0:51  Probe (Chrono Boost)  
  18  1:03  Probe  
  19  1:15  Probe  
  20  1:27  Nexus  
  20  1:35  Cybernetics Core  
  20  1:37  Probe  
  21  1:45  Assimilator  
  21  1:50  Probe  
  22  1:54  Pylon  
  22  2:02  Probe (Chrono Boost)  
  23  2:12  Adept  
  23  2:14  Probe (Chrono Boost)  
  26  2:19  Stargate  
  26  2:22  Probe (Chrono Boost)  
  27  2:27  Warp Gate  
  27  2:28  Probe (Chrono Boost)  
  28  2:39  Probe (Chrono Boost)  
  28  2:40  Probe (Chrono Boost)  
  28  2:42  Adept  
  32  2:49  Probe x2 (Chrono Boost)  
  34  2:52  Gateway  
  34  2:54  Probe (Chrono Boost)  
  34  2:56  Probe  
  36  3:02  Pylon  
  36  3:06  Probe  
  36  3:10  Oracle (Chrono Boost)  
  40  3:15  Probe  
  41  3:20  Probe  
  41  3:25  Pylon  
  41  3:27  Adept, Probe  
  44  3:33  Probe  
  46  3:36  Pylon  
  46  3:39  Probe  
  47  3:45  Probe  
  48  3:50  Oracle (Chrono Boost)  
  48  3:55  Probe  
  48  3:57  Probe  
  49  4:07  Probe  
  50  4:12  Nexus  
  50  4:16  Void Ray  
  50  4:17  Adept, Probe  
  51  4:18  Adept  
  51  4:20  Probe  
  59  4:27  Robotics Facility  
  59  4:29  Probe  
  60  4:33  Probe  
  61  4:38  Assimilator  
  61  4:41  Gateway, Assimilator, Probe  
  62  4:46  Probe  
  62  4:49  Pylon  
  62  4:50  Zealot  
  65  4:53  Probe  
  65  4:58  Probe  
  63  5:01  Sentry, Pylon  
  63  5:05  Probe  
  66  5:10  Probe  
  66  5:11  Sentry  
  69  5:15  Observer (Chrono Boost)  
  69  5:18  Probe (Chrono Boost), Forge  
  71  5:22  Probe (Chrono Boost)  
  71  5:24  Probe (Chrono Boost), Shield Battery  
  71  5:25  Zealot, Pylon  
  75  5:31  Twilight Council  
  75  5:34  Probe (Chrono Boost)  
  75  5:35  Probe x2 (Chrono Boost), Sentry  
  78  5:39  Probe (Chrono Boost)  
  78  5:41  Zealot  
  83  5:43  Pylon  
  83  5:45  Immortal (Chrono Boost)  
  86  5:50  Sentry  
  86  5:53  Shield Battery  
  87  5:58  Zealot  
  87  5:59  Shield Battery  
  87  6:02  Shield Battery  
  89  6:04  Stalker  
  89  6:05  Photon Cannon  
  91  6:11  Pylon  
  91  6:15  Zealot  
  91  6:17  Immortal (Chrono Boost)  
  91  6:27  Stalker  
  91  6:30  Pylon  
  85  6:34  Stalker  
  85  6:37  Zealot  
  75  6:47  Gateway  
  75  6:51  Immortal (Chrono Boost)  
  75  6:52  Adept  
  78  6:58  Adept x2, Pylon  
  78  6:59  Void Ray  
  71  7:08  Shield Battery  
  71  7:09  Shield Battery  
  71  7:12  Sentry  
  71  7:13  Pylon  
  70  7:18  Immortal (Chrono Boost)  
  71  7:25  Sentry  
  71  7:28  Zealot  
  69  7:41  Void Ray  
  67  7:45  Zealot  
  72  7:57  Zealot  
  59  8:00  Probe  
  52  8:08  Probe  
  51  8:14  Zealot, Probe  
  54  8:20  Pylon  
  54  8:22  Probe (Chrono Boost)  
  54  8:23  Immortal  
  54  8:24  Protoss Ground Weapons Level 1  
  54  8:26  Blink  
  54  8:27  Cybernetics Core, Probe (Chrono Boost)  
  56  8:34  Void Ray (Chrono Boost)  
  57  8:36  Probe (Chrono Boost)  
  57  8:37  Observer, Probe (Chrono Boost)  
  58  8:41  Probe (Chrono Boost)  
  58  8:44  Probe  
  64  8:53  Probe, Pylon  
  65  8:56  Probe  
  66  9:03  Sentry  
  66  9:04  Sentry  
  66  9:05  Probe  
  66  9:06  Pylon  
  66  9:08  Probe  
  72  9:14  Observer  
  72  9:17  Probe  
  72  9:18  Robotics Bay  
  73  9:38  Nexus  
  73  9:41  Immortal (Chrono Boost)  
  73  9:44  Sentry  
  79  9:51  Zealot  
  80  9:56  Probe  
  80  9:59  Shield Battery  
  81  10:00  Shield Battery  
  81  10:08  Sentry  
  81  10:10  Disruptor (Chrono Boost)  
  81  10:13  Shield Battery  
  86  10:14  Stalker  
  86  10:15  Probe  
  88  10:30  Pylon  
  88  10:31  Pylon  
  80  10:53  Zealot x2  
Show
View Real Time Build Order
Export as new Build Order

Antis Zerg - Winner!

Build Orders: Hatch First 

Get SALT Encoding   

  12  0:00  Drone  
  13  0:12  Overlord  
  13  0:17  Drone  
  14  0:31  Drone x2  
  16  0:49  Hatchery  
  15  0:52  Drone  
  15  0:56  Drone  
  17  0:59  Drone  
  18  1:10  Extractor  
  17  1:14  Spawning Pool  
  17  1:17  Drone  
  17  1:21  Drone  
  18  1:29  Drone  
  19  1:38  Drone  
  20  1:49  Drone  
  21  2:01  Queen x2  
  21  2:03  Drone x2  
  27  2:11  Drone  
  27  2:13  Metabolic Boost  
  27  2:15  Overlord  
  28  2:29  Hatchery  
  27  2:32  Drone  
  27  2:33  Drone  
  27  2:36  Drone  
  30  2:41  Zergling x2  
  31  2:45  Queen  
  31  2:50  Overlord  
  33  2:56  Zergling x2  
  34  2:58  Drone  
  34  2:59  Drone  
  36  3:08  Drone  
  36  3:09  Drone  
  38  3:13  Drone, Zergling x2  
  38  3:14  Zergling x2  
  41  3:22  Overlord  
  41  3:23  Spore Crawler  
  41  3:24  Queen  
  42  3:28  Drone x2  
  44  3:39  Overlord  
  44  3:40  Queen  
  43  3:49  Drone x5  
  48  3:57  Drone x2  
  48  3:58  Drone x4  
  48  3:59  Spore Crawler  
  53  4:02  Overlord  
  49  4:17  Zergling x4  
  49  4:19  Drone x4  
  49  4:21  Queen  
  56  4:30  Zergling x2  
  56  4:35  Extractor  
  56  4:36  Roach Warren, Extractor  
  53  4:39  Drone x2  
  53  4:40  Drone x4  
  53  4:41  Drone x2  
  61  4:50  Zergling x2  
  61  4:51  Zergling x2  
  61  4:52  Drone x4  
  65  5:00  Overlord  
  65  5:02  Overlord x2  
  65  5:13  Overlord x2  
  65  5:18  Queen, Spore Crawler  
  65  5:20  Roach x3  
  72  5:25  Roach x3  
  78  5:29  Roach  
  78  5:30  Roach  
  78  5:34  Roach x2  
  83  5:44  Ravager x5  
  83  5:47  Zergling x12  
  94  5:54  Overlord  
  94  5:59  Zergling x8, Roach x2  
  94  6:03  Ravager  
  103  6:06  Overlord x2  
  102  6:16  Ravager, Zergling x2  
  102  6:17  Zergling x6  
  101  6:28  Zergling x2  
  101  6:29  Zergling x12  
  105  6:34  Queen x2  
  108  6:44  Zergling x2  
  108  6:45  Zergling x6  
  109  6:57  Queen  
  106  7:04  Zergling x10  
  106  7:07  Ravager x4  
  113  7:09  Hatchery  
  113  7:10  Queen  
  113  7:11  Drone x4  
  113  7:14  Evolution Chamber  
  117  7:20  Zergling x6  
  116  7:26  Extractor  
  116  7:27  Lair  
  109  7:30  Drone x2  
  109  7:31  Drone  
  109  7:33  Pneumatized Carapace, Evolution Chamber  
  108  7:41  Zerg Missile Weapons Level 1  
  108  7:42  Extractor  
  108  7:43  Extractor  
  103  7:45  Drone x4  
  95  7:59  Drone x6  
  94  8:09  Queen  
  94  8:12  Drone x8  
  102  8:13  Drone  
  102  8:16  Zergling x2  
  102  8:17  Zergling x2  
  103  8:20  Zerg Ground Armor Level 1  
  103  8:28  Glial Reconstitution  
  103  8:30  Overseer  
  103  8:31  Hydralisk Den, Overseer  
  103  8:33  Roach x5  
  103  8:34  Roach x3  
  118  8:39  Overlord x2  
  118  8:47  Overlord x2  
  118  8:48  Overlord x3  
  118  9:00  Drone  
  118  9:02  Grooved Spines  
  119  9:03  Infestation Pit  
  119  9:05  Hydralisk  
  119  9:06  Hydralisk x3  
  126  9:17  Hydralisk x5, Spore Crawler  
  126  9:23  Overlord x2  
  135  9:34  Hydralisk x5  
  144  9:43  Hydralisk x3  
  144  9:44  Hydralisk  
  152  9:50  Hydralisk x3  
  159  9:52  Zergling x2  
  159  9:53  Zergling x4  
  159  10:08  Hydralisk x2  
  159  10:09  Hydralisk x4  
  159  10:12  Zergling x2  
  159  10:13  Zergling x12  
  178  10:31  Zergling x28  
  171  10:44  Drone x7  
Tags
 
Add a new tag
Caveats
  • Supply blocks, unpowered buildings, or Contaminate may cause inaccurate times.
  • Supply counts are checked every 10 seconds.